 Dungeon Crawl Stone Soup version 0.25.1-9-gc5326a611f (webtiles) character file.

Game seed: 14462200748803514112

140 promet the Sneak (level 5, 0/36 HPs)
             Began as an Octopode Assassin on Dec 24, 2020.
             Slain by Grinder (8 damage)
             ... while paralysed by Grinder
             ... on level 3 of the Dungeon.
             The game lasted 00:11:22 (1934 turns).

promet the Sneak (Octopode Assassin)                Turns: 1934, Time: 00:11:22

Health: 0/36       AC:  1    Str: 11    XL:     5   Next: 22%
Magic:  5/5        EV:  2    Int: 13    God:
Gold:   101        SH:  0    Dex: 14    Spells: 4/4 levels left

rFire    x . .     SeeInvis .   h - +2 dagger (venom)
rCold    + . .     Gourm    .   (no shield)
rNeg     . . .     Faith    .   (helmet restricted)
rPois    .         Spirit   .   j - amulet of inaccuracy (curse)
rElec    .         Reflect  .   f - ring of ice
rCorr    .         Harm     .   (no ring)
MR       .....                  (no ring)
Stlth    +++++.....             (no ring)
HPRegen  0.12/turn              (no ring)
MPRegen  0.09/turn              (no ring)
                                (no ring)
                                (no ring)

@: paralysed
A: almost no armour, stealthy swim, amphibious, 8 rings, constrict 8, camouflage
1, gelatinous body 1
a: no special abilities


You were on level 3 of the Dungeon.
You were very hungry.

You visited 1 branch of the dungeon, and saw 3 of its levels.

You collected 101 gold pieces.

Inventory:

Hand Weapons
 a - a +2 dagger
 h - a +2 dagger of venom (weapon)
Missiles
 b - 6 poisoned darts (quivered)
 c - 2 curare-tipped darts
 e - 102 stones
 g - 16 arrows
 i - 54 bolts
 k - 12 sling bullets
Jewellery
 f - a ring of ice (left tentacle)
 j - a cursed amulet of inaccuracy (around mantle)
 p - a cursed ring of attention {unknown}
Scrolls
 l - a scroll of teleportation
 n - 2 scrolls of identify
Potions
 m - a potion of haste {unknown}
Comestibles
 d - 5 rations


   Skills:
 + Level 2.9 Fighting
 + Level 2.3 Short Blades
 + Level 2.2 Throwing
 + Level 1.0 Dodging
 * Level 7.9 Stealth


You had 4 spell levels left.
You didn't know any spells.
Your spell library was empty.

Dungeon Overview and Level Annotations

Branches:
Dungeon (3/15)

Altars:

Annotations:
D:3 Grinder


Innate Abilities, Weirdness & Mutations

You cannot wear most types of armour.
You are very stealthy in the water. (Stealth+)
You are amphibious.
You can wear up to eight rings at the same time.
You can use your tentacles to constrict eight enemies at once.
Your skin changes colour to match your surroundings (Stealth+).
Your rubbery body absorbs attacks. (AC +1, EV +1)


Message History

You hit Grinder. Your grab misses Grinder. Your squeeze misses Grinder.
Grinder is lightly wounded.
You closely miss Grinder. Your grab misses Grinder.
Grinder is lightly wounded.
Grinder misses you.
Throwing (i - inventory. (/) - cycle)
b - 7 poisoned darts (quivered)
Press: ? - help, Shift-Dir - straight line, f/p - Grinder
Aim: Grinder (lightly wounded)
You throw a poisoned dart.
The poisoned dart closely misses Grinder.
Grinder barely misses you.
You hit Grinder. Your grab misses Grinder. Your squeeze misses Grinder.
Grinder is moderately wounded.
Grinder gestures at you.
You suddenly lose the ability to move!
Grinder hits you!
You writhe in agony.
Grinder hits you!
You writhe in agony.
* * * LOW HITPOINT WARNING * * *
Grinder hits you!
You die...

#.##.#.............
#..............#..#
#..............#..#
#.##.#.#######.#...
##.##.#.# ..#.##
####.....#.#..
..#.# #............
#.....
#.##..#..#.#.# #
#..@5.(...(
#.........#
####..###.. ....
.#### ##


You could see Grinder.

Vanquished Creatures
  Jessica (D:3)
  A worker ant (D:2)
  An adder (D:2)
  4 oozes
  2 worms (D:3)
  A dart slug (D:2)
  3 leopard geckos
  5 goblins
  7 hobgoblins
  4 jackals (D:1)
  7 kobolds
  A quokka (D:2)
  8 bats
  4 frilled lizards
  6 rats
55 creatures vanquished.

Notes
Turn   | Place    | Note
-------+----------+-------------------------------------------
     0 | D:1      | promet the Octopode Assassin began the quest for the Orb.
     0 | D:1      | Reached XP level 1. HP: 14/14 MP: 1/1
   253 | D:1      | Reached XP level 2. HP: 17/19 MP: 2/2
   332 | D:1      | Reached skill level 6 in Stealth
   504 | D:1      | Reached XP level 3. HP: 24/24 MP: 3/3
  1004 | D:2      | Reached XP level 4. HP: 30/30 MP: 4/4
  1104 | D:2      | Reached skill level 7 in Stealth
  1733 | D:3      | Noticed Jessica
  1735 | D:3      | Killed Jessica
  1735 | D:3      | Reached XP level 5. HP: 36/36 MP: 5/5
  1921 | D:3      | Noticed Grinder
  1931 | D:3      | Paralysed by Grinder for 3 turns
  1934 | D:3      | Slain by Grinder

Illustrated notes

Levels and vault maps discovered:
D:1:      zelgadis_glass_arrival_small, layout_basic
D:2:      layout_loops_ring, st_stairs_13
D:3:      layout_loops_cross, nrook_uturn, chequers_serial_rivers_large_a,
          uniq_jessica, uniq_grinder, uniq_natasha

Skill      XL: |  1  2  3  4 |
---------------+-------------+-----
Stealth        | 6 7 |  7.9
Fighting       | |  2.9
Short Blades   | |  2.3
Throwing       | |  2.2
Dodging        | |  1.0

Action                   |  1- 3 |  4- 6 || total
-------------------------+-------+-------++-------
Melee: Dagger            |    62 |    30 ||    92
       Constrict         |     6 |     6 ||    12
       Tentacles         |     6 |     5 ||    11
Throw: Dart              |     2 |     2 ||     4
  Use: Scroll            |     4 |     1 ||     5
       Potion            |     2 |     2 ||     4
 Stab: Sleeping          |    12 |     9 ||    21
  Eat: Chunk             |       |     2 ||     2
Armor: Skin              |     3 |       ||     3
Dodge: Dodged            |    23 |     8 ||    31
